 Dungeon Crawl Stone Soup version 0.31.0-10-gcf4a605ca0 (webtiles) character file.

Game seed: 13965404750543792240

11263 DeltaZero the Grappler (level 11, 0/84 HPs)
             Began as a Gnoll Shapeshifter on Jan 25, 2024.
             Was a Priest of the Shining One.
             Slain by a vampire mosquito (8 damage)
             ... on level 11 of the Dungeon.
             The game lasted 00:56:47 (8681 turns).

DeltaZero the Grappler (Gnoll Shapeshifter)         Turns: 8681, Time: 00:56:48

Health: 0/84       AC:  5    Str: 23    XL:     11   Next: 75%
Magic:  21/21      EV: 19    Int: 10    God:    the Shining One [***...]
Gold:   525        SH:  0    Dex: 12    Spells: 23/23 levels left

rFire   + .          .
                       - Unarmed
rCold   . . .        (shield currently unavailable)
rNeg    + . .        N - melded +0 swamp dragon scales
rPois   .            P - +1 helmet
rElec   .            (no cloak)
rCorr   .            (no gloves)
SInv    .            p - +2 pair of boots
Will    .....        m - amulet of regeneration
Stlth   ++           q - +6 ring of strength
HPRegen 1.14/turn    h - ring of protection from fire
MPRegen 0.17/turn

%: no passive effects
@: flux-form, glowing
A: glow, contaminating, fangs 1, strong nose, distributed training
a: Begin Untransformation, Renounce Religion, Divine Shield, Cleansing Flame


You were on level 11 of the Dungeon.
You worshipped the Shining One.
The Shining One was most pleased with you.
You were something dangerously unstable.
You visited 3 branches of the dungeon, and saw 13 of its levels.

You collected 690 gold pieces.
You spent 165 gold pieces at shops.

Inventory:

Hand Weapons
 D - a +4 war axe of flaming
 F - a +5 heavy flail
 I - a +5 dagger
 J - a +3 scimitar
 S - a +4 hand axe
Missiles
 V - 5 boomerangs (quivered)
 Z - 2 throwing nets
Armour
 o - a +0 chain mail
 p - a +2 pair of boots (worn)
 s - a +0 helmet
 N - +0 swamp dragon scales (melded)
 P - a +1 helmet (worn)
 Y - +0 acid dragon scales
Magical Staves
 r - a staff of earth
 C - a staff of cold
 R - a staff of air
Jewellery
 h - a ring of protection from fire (right hand)
 l - an amulet of the acrobat
 m - an amulet of regeneration (around neck)
 q - a +6 ring of strength (left hand)
 W - an amulet of magic regeneration
Talismans
 c - a beast talisman
 d - a flux talisman (active)
Wands
 v - a wand of roots (18)
 z - a wand of polymorph (12)
 K - a wand of digging (11)
 M - a wand of charming (8)
Scrolls
 a - 2 scrolls of vulnerability {unknown}
 j - 2 scrolls of fear {unknown}
 k - 5 scrolls of immolation {unknown}
 x - 4 scrolls of identify
 y - a scroll of butterflies {unknown}
 A - a scroll of silence {unknown}
 E - 3 scrolls of enchant weapon
 G - a scroll of torment {unknown}
 L - a scroll of brand weapon {unknown}
 Q - a scroll of noise {unknown}
 T - 2 scrolls of revelation {unknown}
 U - a scroll of blinking {unknown}
Potions
 b - 2 potions of attraction {unknown}
 e - 2 potions of magic
 f - 2 potions of mutation {unknown}
 g - 2 potions of berserk rage {unknown}
 n - 3 potions of brilliance
 t - 2 potions of enlightenment {unknown}
 u - 3 potions of heal wounds
 w - 3 potions of might
 B - 4 potions of curing {unknown}
 H - 2 potions of invisibility {unknown}
 O - 2 potions of haste {unknown}
 X - a potion of lignification


   Skills:
 + Level 7.3 Fighting
 + Level 6.8 Short Blades
 + Level 6.8 Long Blades
 + Level 6.8 Axes
 + Level 6.8 Maces & Flails
 + Level 6.8 Polearms
 + Level 6.8 Staves
 + Level 6.8 Ranged Weapons
 + Level 6.8 Throwing
 + Level 6.8 Armour
 + Level 8.3 Dodging
 + Level 6.8 Stealth
 + Level 6.8 Shields
 + Level 9.5 Unarmed Combat
 + Level 6.8 Spellcasting
 + Level 5.6 Conjurations
 + Level 5.6 Hexes
 + Level 5.6 Summonings
 + Level 5.6 Necromancy
 + Level 5.6 Translocations
 + Level 5.6 Fire Magic
 + Level 5.6 Ice Magic
 + Level 5.6 Air Magic
 + Level 5.6 Earth Magic
 + Level 5.6 Alchemy
 + Level 7.5 Invocations
 + Level 6.8 Evocations
 + Level 9.1 Shapeshifting


You had 23 spell levels left.
You didn't know any spells.
Your spell library contained the following spells:

 Spells                   Type           Power      Damage    Failure   Level
 Freeze                   Ice            56%        1d7       1%          1
 Ensorcelled Hibernation  Hex/Ice        28%        N/A       2%          2
 Frozen Ramparts          Ice            28%        1d5       5%          3
 Fugue of the Fallen      Necr           14%        N/A       5%          3
 Hailstorm                Conj/Ice       14%        3d6       5%          3
 Anguish                  Hex/Necr       7%         N/A       19%         4


Dungeon Overview and Level Annotations

Branches:
Dungeon (11/15)            Temple (1/1) D:7            Lair (1/5) D:8
    Orc: D:9-12

Altars:
Ashenzari
Cheibriados
Dithmenos
Elyvilon
Fedhas
Gozag
Hepliaklqana
Kikubaaqudgha
Makhleb
Nemelex Xobeh
Okawaru
Qazlal
Ru
Sif Muna
Trog
Uskayaw
Vehumet
Wu Jian
Xom
Yredelemnul
Zin
The Shining One

Shops:
D:3 [[:(

Annotations:
D:11 Sonja


Innate Abilities, Weirdness & Mutations

You are something dangerously unstable.
You glow with magical radiation, making you easy to see and hit.
Foes you strike become dangerously contaminated with magical radiation.
You are incapable of wielding weapons or throwing items.
You have very sharp teeth.
Your uncanny sense of smell can sniff out nearby items.
Your experience applies equally to all skills.


Message History

Space warps horribly around you!
* * * LOW HITPOINT WARNING * * *
The vampire mosquito closely misses you.
The vampire mosquito bites you.
* * * LOW HITPOINT WARNING * * *
The vampire mosquito draws strength from your injuries!
The vampire mosquito misses you.
The vampire mosquito attacks as it pursues you!
The vampire mosquito closely misses you.
The vampire mosquito bites you.
* * * LOW HITPOINT WARNING * * *
The vampire mosquito draws strength from your injuries!
The vampire mosquito attacks as it pursues you!
The vampire mosquito barely misses you.
Sonja casts a spell.
Sonja blinks!
The vampire mosquito misses you.
You hit the vampire mosquito.
The vampire mosquito begins to glow.
The vampire mosquito is lightly damaged.
The vampire mosquito misses you. The vampire mosquito bites you!
* * * LOW HITPOINT WARNING * * *
The vampire mosquito draws strength from your injuries!
You closely miss the vampire mosquito.
You bite the vampire mosquito, but do no damage.
The vampire mosquito closely misses you.
You hit the vampire mosquito.
The vampire mosquito glows dangerously bright.
The vampire mosquito is lightly damaged.
The vampire mosquito closely misses you.
The vampire mosquito bites you.
* * * LOW HITPOINT WARNING * * *
The vampire mosquito draws strength from your injuries!
You punch the vampire mosquito!
The vampire mosquito shudders as magic cascades through it.
The vampire mosquito is heavily damaged.
The vampire mosquito misses you. x2
You hit the vampire mosquito but do no damage.
The vampire mosquito begins to glow.
Your bite misses the vampire mosquito.
The vampire mosquito is heavily damaged.
The vampire mosquito bites you!
You die...

#..5##..# ####†#..# #.#. .....
..#.#.## #..## ..#####.#...### #.
.....##.#.....# # .##......###.#
.<. #... ###.....## #.## ..#
###.#.# ##.#.#.# #..# #.#
....#.######..#.#.# ##.#
#.##.##......py..##.#.#####.#
#....#....#########.#....##.#
####..###..#.#########.####.##.##
............................##..#
......#..................######.#
.#.[............######.#.######..
......##........# #.#......###
.#....##........# #.######....
.......>........# #.# ##...


You could see a vampire mosquito (contam).

Vanquished Creatures
  Josephine (D:10)
  Harold (D:11)
  An elephant (D:8)
  5 centaur zombies (D:10)
  Maggie (D:8)
  An unseen horror (D:10)
  An unseen horror zombie (D:10)
  Prince Ribbit (D:6)
  Grinder (D:3)
  7 wraiths
  10 yaks
  Eustachio (D:6)
  2 wyverns
  A steam dragon (D:9)
  A vampire mosquito (D:11)
  Edmund (D:6)
  2 acid dragons
  3 orc warriors
  4 sky beasts
  2 black bears
  3 ice beasts
  A centaur (D:9)
  A wolf (D:8)
  A phantom (D:6)
  4 bullfrogs
  4 scorpions
  6 wights
  10 killer bees
  3 howler monkeys
  A bombardier beetle (D:3)
  A bullfrog zombie (D:5)
  A human zombie (D:10)
  2 centaur skeletons
  3 jellies
  3 orc priests (D:7)
  2 hounds
  A gnoll bouda (D:9)
  A sleepcap (D:4)
  An iguana (D:5)
  2 orc wizards
  A killer bee zombie (D:5)
  A hound skeleton (D:5)
  3 howler monkey zombies (D:10)
  9 gnolls
  10 adders
  2 shadow imps (D:7)
  A white imp (D:8)
  2 ufetubi (D:5)
  An adder skeleton (D:5)
  An adder zombie (D:5)
  2 dart slugs
  A ribbon worm (D:4)
  18 orcs
  6 endoplasms
  2 giant cockroaches (D:4)
  5 goblins
  9 hobgoblins
  4 quokkas
  7 ball pythons
  A bat (D:2)
  3 frilled lizards
  8 kobolds
  5 rats
200 creatures vanquished.

Notes
Turn   | Place    | Note
-------+----------+-------------------------------------------
     0 | D:1      | DeltaZero the Gnoll Shapeshifter began the quest for the
                  | Orb.
     0 | D:1      | Reached XP level 1. HP: 17/17 MP: 1/1
   228 | D:1      | Reached XP level 2. HP: 23/23 MP: 2/2
   955 | D:2      | Reached XP level 3. HP: 20/28 MP: 3/3
  1086 | D:2      | Reached skill level 1 in Invocations
  1240 | D:2      | Reached skill level 1 in Short Blades
  1240 | D:2      | Reached skill level 1 in Long Blades
  1240 | D:2      | Reached skill level 1 in Axes
  1240 | D:2      | Reached skill level 1 in Maces & Flails
  1240 | D:2      | Reached skill level 1 in Polearms
  1240 | D:2      | Reached skill level 1 in Staves
  1240 | D:2      | Reached skill level 1 in Ranged Weapons
  1240 | D:2      | Reached skill level 1 in Throwing
  1240 | D:2      | Reached skill level 1 in Armour
  1240 | D:2      | Reached skill level 1 in Stealth
  1240 | D:2      | Reached skill level 1 in Shields
  1240 | D:2      | Reached skill level 1 in Spellcasting
  1240 | D:2      | Reached skill level 1 in Evocations
  1365 | D:3      | Found Uloxozeh's Antique Armour Shoppe.
  1384 | D:3      | Found Wuerafy's Armour Shop.
  1407 | D:3      | Bought a +2 pair of boots for 165 gold pieces
  1423 | D:3      | Noticed Grinder
  1448 | D:3      | Reached XP level 4. HP: 26/34 MP: 5/5
  1492 | D:3      | Reached skill level 1 in Conjurations
  1492 | D:3      | Reached skill level 1 in Hexes
  1492 | D:3      | Reached skill level 1 in Summonings
  1492 | D:3      | Reached skill level 1 in Necromancy
  1492 | D:3      | Reached skill level 1 in Translocations
  1492 | D:3      | Reached skill level 1 in Fire Magic
  1492 | D:3      | Reached skill level 1 in Ice Magic
  1492 | D:3      | Reached skill level 1 in Air Magic
  1492 | D:3      | Reached skill level 1 in Earth Magic
  1492 | D:3      | Reached skill level 1 in Alchemy
  1530 | D:3      | Reached XP level 5. HP: 40/40 MP: 5/7
  1674 | D:3      | Paralysed by Grinder for 3 turns
  1699 | D:3      | Paralysed by Grinder for 5 turns
  1708 | D:3      | Paralysed by Grinder for 5 turns
  1717 | D:3      | Paralysed by Grinder for 3 turns
  1728 | D:3      | Killed Grinder
  1729 | D:3      | Reached skill level 5 in Dodging
  1729 | D:3      | Reached XP level 6. HP: 13/47 MP: 7/9
  2048 | D:3      | Found Faifiq's Weapon Emporium.
  2048 | D:3      | Noticed a +0 triple sword
  2048 | D:3      | Noticed a +0 triple crossbow
  2087 | D:3      | Found Seshrimiph's Book Emporium.
  2700 | D:4      | Reached XP level 7. HP: 52/52 MP: 10/10
  2792 | D:4      | Found a sacrificial altar of Ru.
  2939 | D:4      | Became a worshipper of Ru the Awakened
  2963 | D:5      | Entered Level 5 of the Dungeon
  3352 | D:5      | Found a broken altar of Ashenzari.
  3392 | D:5      | Reached XP level 8. HP: 58/60 MP: 12/12
  3795 | D:6      | Noticed Prince Ribbit
  3813 | D:6      | Killed Prince Ribbit
  3963 | D:6      | Noticed Edmund
  4000 | D:6      | Killed Edmund
  4304 | D:6      | Noticed Eustachio
  4332 | D:6      | Killed Eustachio
  4333 | D:6      | Reached XP level 9. HP: 66/66 MP: 14/14
  4633 | D:7      | Found a shimmering altar of Xom.
  4725 | D:7      | Reached skill level 5 in Fighting
  4757 | D:7      | Found a staircase to the Ecumenical Temple.
  4957 | Temple   | Entered the Ecumenical Temple
  5037 | Temple   | Fell from the grace of Ru
  5037 | Temple   | Became a worshipper of the Shining One
  5100 | D:7      | Found a shadowy altar of Dithmenos.
  5143 | D:7      | Found a bloodstained altar of Trog.
  5397 | D:8      | Reached skill level 5 in Invocations
  5419 | D:8      | Noticed Maggie
  5431 | D:8      | Killed Maggie
  5432 | D:8      | Noticed an elephant
  5461 | D:8      | Found a hide-covered altar of Uskayaw.
  5802 | D:8      | Reached skill level 5 in Short Blades
  5802 | D:8      | Reached skill level 5 in Long Blades
  5802 | D:8      | Reached skill level 5 in Axes
  5802 | D:8      | Reached skill level 5 in Maces & Flails
  5802 | D:8      | Reached skill level 5 in Polearms
  5802 | D:8      | Reached skill level 5 in Staves
  5802 | D:8      | Reached skill level 5 in Ranged Weapons
  5802 | D:8      | Reached skill level 5 in Throwing
  5802 | D:8      | Reached skill level 5 in Armour
  5802 | D:8      | Reached skill level 5 in Stealth
  5802 | D:8      | Reached skill level 5 in Shields
  5802 | D:8      | Reached skill level 5 in Spellcasting
  5802 | D:8      | Reached skill level 5 in Evocations
  5802 | D:8      | Reached XP level 10. HP: 74/76 MP: 17/17
  5900 | D:8      | Found a staircase to the Lair.
  6078 | D:8      | Found an opulent altar of Gozag.
  6175 | D:8      | Killed an elephant
  6238 | D:8      | Identified the +0 leather armour "Roroahe" {rPois Stlth+}
  6407 | Lair:1   | Entered Level 1 of the Lair of Beasts
  6461 | D:8      | Reached * piety under the Shining One
  7219 | D:9      | Found a burning altar of Makhleb.
  7234 | D:9      | Found a blossoming altar of Fedhas.
  7298 | D:10     | Entered Level 10 of the Dungeon
  7330 | D:10     | Noticed Josephine
  7346 | D:10     | Killed Josephine
  7347 | D:10     | Reached skill level 5 in Conjurations
  7347 | D:10     | Reached skill level 5 in Hexes
  7347 | D:10     | Reached skill level 5 in Summonings
  7347 | D:10     | Reached skill level 5 in Necromancy
  7347 | D:10     | Reached skill level 5 in Translocations
  7347 | D:10     | Reached skill level 5 in Fire Magic
  7347 | D:10     | Reached skill level 5 in Ice Magic
  7347 | D:10     | Reached skill level 5 in Air Magic
  7347 | D:10     | Reached skill level 5 in Earth Magic
  7347 | D:10     | Reached skill level 5 in Alchemy
  7351 | D:10     | Reached XP level 11. HP: 31/83 MP: 18/20
  7738 | D:10     | Reached ** piety under the Shining One
  7770 | D:10     | Found an ancient bone altar of Kikubaaqudgha.
  8148 | D:10     | Found a shimmering blue altar of Sif Muna.
  8336 | D:11     | Noticed Harold
  8343 | D:11     | Killed Harold
  8521 | D:11     | Reached *** piety under the Shining One
  8577 | D:11     | The Shining One protects you from harm!
  8581 | D:11     | HP: 4/84 [vampire mosquito (7)]
  8664 | D:11     | Noticed Sonja
  8681 | D:11     | Slain by a vampire mosquito

Illustrated notes

Levels and vault maps discovered:
D:1:      psy_arrival_basics, layout_loops_ring
D:2:      layout_basic
D:3:      layout_basic, serial_shops, nicolae_shop_mannequins,
          nicolae_square_shop, shop, shop, minmay_between, uniq_grinder
D:4:      layout_rooms, marbit_many_paths
D:5:      layout_rooms, lemuel_doored_altar, serial_undead, serial_undead_b,
          serial_undead_c, serial_undead_b, serial_undead_c, serial_undead_f,
          serial_undead_b, serial_bayou_pond_b, grunt_ministairs_14
D:6:      layout_loops_ring, uniq_eustachio, uniq_prince_ribbit1, uniq_edmund
D:7:      layout_rooms, mainiacjoe_overflow_tiny_flanked,
          lightli_temple_of_fire, grunt_dithmenos_smoke,
          minmay_temple_entry_statues_pillars
D:8:      layout_basic, nicolae_overflow_crystal_walls,
          nicolae_uskayaw_murder_on_the_dancefloor,
          grunt_lair_entry_orc_guard_hut, minmay_starry_boxes, uniq_maggie
D:9:      layout_roguey, jmf_multi_god_temple
D:10:     layout_basic, nicolae_sif_muna_condensation,
          lemuel_mausoleum_altar_kikubaaqudgha, uniq_josephine
D:11:     layout_rooms, uniq_harold, uniq_sonja
Temple:   nicolae_temple_ecumenical_triangle
Lair:1:   layout_hall_layers, gammafunk_lair_bear_cave,
          infiniplex_staircase_pool_2, uniq_gastronok

Skill      XL: |  1  2  3  4  5  6  7  8  9 10 11 |
---------------+----------------------------------+-----
Invocations    | 1 2 3 4 5 6 7 |  7.5
Short Blades   | 1 2 3 5 6 |  6.8
Long Blades    | 1 2 3 5 6 |  6.8
Axes           | 1 2 3 5 6 |  6.8
Maces & Flails | 1 2 3 5 6 |  6.8
Polearms       | 1 2 3 5 6 |  6.8
Staves         | 1 2 3 5 6 |  6.8
Ranged Weapons | 1 2 3 5 6 |  6.8
Throwing       | 1 2 3 5 6 |  6.8
Armour         | 1 2 3 5 6 |  6.8
Stealth        | 1 2 3 5 6 |  6.8
Shields        | 1 2 3 5 6 |  6.8
Spellcasting   | 1 2 3 5 6 |  6.8
Evocations     | 1 2 3 5 6 |  6.8
Conjurations   | 1 2 3 4 5 |  5.6
Hexes          | 1 2 3 4 5 |  5.6
Summonings     | 1 2 3 4 5 |  5.6
Necromancy     | 1 2 3 4 5 |  5.6
Translocations | 1 2 3 4 5 |  5.6
Fire Magic     | 1 2 3 4 5 |  5.6
Ice Magic      | 1 2 3 4 5 |  5.6
Air Magic      | 1 2 3 4 5 |  5.6
Earth Magic    | 1 2 3 4 5 |  5.6
Alchemy        | 1 2 3 4 5 |  5.6
Fighting       | 3 4 5 6 7 |  7.3
Dodging        | 5 6 7 8 |  8.3
Unarmed Combat | 7 8 9 |  9.5
Shapeshifting  | 7 8 9 |  9.1

Action                     |  1- 3 |  4- 6 |  7- 9 | 10-12 || total
---------------------------+-------+-------+-------+-------++-------
  Melee: Unarmed           |    46 |    82 |   292 |   402 ||   822
         Bite              |     2 |     7 |    51 |    73 ||   133
         Punch             |     2 |     3 |     2 |       ||     7
         Spear             |    13 |       |       |       ||    13
Ability: Begin Untransform |     3 |     1 |     2 |       ||     6
  Evoke: Wand              |       |       |     4 |    11 ||    15
    Use: Potion            |       |     1 |     1 |       ||     2
         Scroll            |       |     4 |     5 |     4 ||    13
   Stab: Sleeping          |     1 |       |       |       ||     1
 Armour: Animal skin       |     3 |       |       |       ||     3
         Scale mail        |    22 |    42 |    50 |       ||   114
         Leather armour    |     3 |       |       |       ||     3
         Skin              |       |     5 |    92 |   253 ||   350
  Dodge: Dodged            |    28 |    37 |   253 |   468 ||   786
   Form: Beast             |     4 |     1 |     1 |       ||     6
         Flux              |       |       |     3 |     1 ||     4
                           |       |       |       |     1 ||     1
